Map: Аура смерти РВ

Players

teryagov - Winner!

  • Race: Zerg Zerg
  • League: Master
  • Spawn Location: 5:00

Kantara

  • Race: Protoss Protoss
  • League: Diamond
  • Spawn Location: 11:00

VOD

Have the link to the VOD?

Description

Time

  • Played on: Dec. 6, 2020, 2:34 p.m.
  • Length: 22:36
Show
View Real Time Build Order
Export as new Build Order

teryagov Zerg - Winner!

Build Orders: Hatch First 

Get SALT Encoding   

  12  0:00  Drone  
  13  0:12  Overlord  
  13  0:18  Drone  
  14  0:31  Drone x2  
  16  0:49  Hatchery  
  15  0:52  Drone  
  16  0:58  Drone  
  16  1:02  Drone  
  18  1:12  Extractor  
  18  1:17  Spawning Pool  
  16  1:18  Drone  
  16  1:20  Drone  
  18  1:28  Drone  
  19  1:40  Drone  
  20  1:49  Overlord  
  20  2:03  Queen  
  20  2:04  Queen  
  24  2:08  Drone x2  
  26  2:19  Drone x2  
  28  2:36  Overlord, Hatchery, Drone  
  28  2:44  Queen  
  28  2:47  Pneumatized Carapace  
  28  2:48  Drone  
  31  2:54  Metabolic Boost  
  31  3:02  Drone  
  31  3:03  Drone x3  
  35  3:05  Drone  
  35  3:09  Drone  
  37  3:14  Drone x2  
  37  3:15  Drone  
  37  3:18  Drone  
  41  3:22  Overlord  
  41  3:28  Queen  
  41  3:31  Overlord  
  43  3:48  Drone  
  43  3:49  Drone x2  
  43  3:50  Drone x5, Queen  
  53  3:57  Overlord x2  
  53  3:59  Zergling x2  
  54  4:04  Queen  
  54  4:08  Drone x2  
  59  4:17  Drone x4  
  59  4:19  Lair  
  59  4:21  Zergling x4  
  59  4:23  Drone  
  65  4:25  Extractor  
  65  4:26  Extractor  
  65  4:28  Extractor x2  
  65  4:30  Queen  
  63  4:32  Drone  
  63  4:35  Drone x2  
  63  4:37  Drone  
  67  4:39  Drone x2  
  69  4:45  Drone  
  69  4:48  Drone x2  
  69  4:51  Overlord  
  72  4:55  Drone  
  73  5:03  Spore Crawler, Drone  
  73  5:04  Spore Crawler, Drone  
  73  5:05  Drone  
  74  5:07  Overlord  
  74  5:17  Drone x6  
  80  5:21  Zergling x2  
  80  5:27  Hatchery, Hydralisk Den  
  80  5:28  Drone x2, Evolution Chamber  
  79  5:29  Evolution Chamber, Drone x2  
  79  5:30  Drone  
  82  5:49  Drone  
  83  5:50  Drone x2  
  83  5:53  Extractor  
  84  5:58  Drone  
  84  5:59  Hydralisk x2  
  84  6:00  Overlord x3  
  84  6:01  Overlord  
  89  6:17  Drone  
  89  6:18  Drone  
  89  6:20  Drone x3  
  89  6:24  Drone  
  94  6:30  Hydralisk x2  
  98  6:43  Hydralisk  
  98  6:44  Hydralisk x4  
  108  6:48  Zerg Missile Weapons Level 1  
  108  6:50  Zerg Ground Armor Level 1, Muscular Augments  
  108  6:51  Hydralisk x6, Hatchery  
  119  6:59  Hydralisk  
  121  7:05  Hydralisk  
  121  7:06  Hydralisk x2  
  127  7:08  Overlord x3  
  127  7:09  Overlord  
  127  7:32  Hydralisk x5  
  127  7:33  Hydralisk x6  
  127  7:34  Overlord x2  
  149  7:37  Overseer  
  149  7:39  Hydralisk x5  
  159  7:45  Overlord x2  
  159  7:52  Hydralisk x3  
  159  7:53  Hydralisk x3  
  159  7:55  Hydralisk  
  173  8:00  Hydralisk  
  173  8:01  Grooved Spines  
  173  8:04  Hydralisk  
  173  8:05  Hydralisk x2  
  181  8:11  Hydralisk x2  
  185  8:15  Hydralisk x2  
  185  8:19  Baneling Nest  
  188  8:20  Hatchery, Hydralisk  
  188  8:22  Overlord  
  188  8:23  Hydralisk  
  191  8:27  Hydralisk  
  191  8:31  Hydralisk  
  194  8:38  Hydralisk  
  188  8:47  Hydralisk x5  
  184  8:49  Hydralisk  
  184  8:54  Drone  
  184  8:55  Extractor, Drone x6  
  193  8:57  Extractor  
  191  9:05  Zerg Missile Weapons Level 2  
  191  9:08  Hydralisk x2  
  191  9:09  Hydralisk  
  197  9:14  Hydralisk  
  159  9:40  Roach Warren  
  156  9:46  Hydralisk x11  
  166  10:19  Glial Reconstitution  
  166  10:20  Roach  
  166  10:21  Roach x12  
  182  10:22  Roach x3  
  196  10:31  Drone x4  
  200  10:41  Zerg Ground Armor Level 2  
  200  10:42  Infestation Pit  
  199  10:47  Ravager  
  200  10:52  Ravager x2  
  200  11:18  Spire  
  199  11:36  Hydralisk x2  
  199  11:37  Hydralisk x4  
  181  11:54  Zergling x10, Roach  
  163  11:55  Roach x7  
  163  11:56  Roach  
  172  12:06  Hydralisk x7  
  178  12:16  Ravager x3  
  178  12:17  Hydralisk x6  
  178  12:22  Ravager x2, Hatchery  
  194  12:30  Hatchery, Baneling x2  
  194  12:33  Baneling x2  
  194  12:34  Baneling x3  
  194  12:36  Hive  
  192  12:40  Tunneling Claws  
  192  12:43  Ravager, Lurker Den  
  192  12:44  Ravager x4  
  183  13:12  Corruptor x6  
  192  13:24  Overseer  
  192  13:35  Hydralisk x4  
  200  13:44  Spine Crawler x2  
  200  13:47  Spine Crawler  
  181  13:55  Hydralisk x5  
  138  14:38  Hydralisk x4  
  138  14:39  Hydralisk x11  
  168  14:45  Hatchery  
  161  14:53  Extractor  
  161  14:54  Extractor  
  161  14:56  Hatchery  
  150  15:08  Lurker x8  
  150  15:09  Lurker  
  150  15:10  Hydralisk x4  
  150  15:11  Zergling x8  
  150  15:12  Zergling x4  
  173  15:14  Drone x3  
  173  15:15  Drone x2  
  173  15:21  Spine Crawler  
  177  15:24  Drone x4  
  177  15:25  Drone  
  182  15:39  Hydralisk x4  
  182  15:56  Extractor  
  177  15:58  Extractor  
  151  16:24  Corruptor x4  
  151  16:25  Corruptor x7  
  122  16:37  Hydralisk, Zergling x2  
  122  16:38  Hydralisk x5, Zergling x18  
  122  16:39  Zergling x4  
  131  16:43  Zergling x2  
  131  16:44  Zergling x10  
  137  16:51  Drone x2  
  137  16:52  Drone x2  
  141  17:01  Zerg Missile Weapons Level 3  
  141  17:03  Hydralisk x6  
  153  17:15  Lurker x2  
  154  17:17  Baneling x5  
  154  17:21  Drone x2  
  156  17:32  Lair x2  
  156  17:33  Lurker  
  156  17:36  Hatchery, Unknown  
  155  17:40  Unknown  
  129  18:04  Lurker  
  128  18:05  Lurker  
  128  18:06  Lurker  
  128  18:07  Zergling x14  
  128  18:08  Zergling x30  
  152  18:17  Drone  
  153  18:30  Greater Spire  
  153  18:31  Zerg Ground Armor Level 3  
  143  18:41  Overseer  
  143  18:49  Drone  
  144  19:01  Hydralisk x10  
  144  19:02  Hydralisk x4  
  172  19:03  Hydralisk x7  
  172  19:04  Hydralisk x5  
  172  19:06  Lurker x2  
  198  19:15  Spore Crawler  
  197  19:17  Spore Crawler  
  197  19:18  Spine Crawler  
  195  19:25  Baneling x8  
  195  19:26  Baneling x9  
  185  19:41  Hatchery  
  185  19:45  Brood Lord x3  
  190  19:47  Zergling x18  
  199  20:02  Spore Crawler  
  199  20:03  Spine Crawler  
  199  20:04  Drone  
  199  20:05  Drone, Spine Crawler  
  199  20:06  Drone  
  140  20:52  Hydralisk x7  
  140  20:53  Hydralisk x4  
  153  20:57  Hydralisk  
  153  20:58  Hydralisk, Zergling x4  
  153  20:59  Hydralisk x6  
  153  21:02  Seismic Spines  
  171  21:22  Hydralisk x2  
  171  21:23  Hydralisk x4  
  171  21:24  Zergling x10  
  171  21:25  Zergling x6  
  191  21:40  Zergling x6  
  191  21:54  Zergling x14  
  191  21:55  Zergling x6  
  199  22:13  Hatchery  
  158  22:35  Lurker  
  158  22:36  Lurker x2  
Show
View Real Time Build Order
Export as new Build Order

Kantara Protoss 

Build Orders: 1 Gate Expand 

Get SALT Encoding   

  12  0:00  Probe  
  13  0:12  Probe  
  14  0:19  Pylon  
  14  0:24  Probe (Chrono Boost)  
  15  0:38  Gateway, Probe (Chrono Boost)  
  16  0:44  Probe (Chrono Boost)  
  16  0:46  Assimilator  
  17  0:53  Probe  
  18  1:05  Probe  
  19  1:17  Probe  
  20  1:23  Nexus  
  20  1:33  Cybernetics Core  
  20  1:35  Probe  
  21  1:43  Assimilator  
  21  1:48  Probe  
  21  1:50  Pylon  
  22  2:00  Probe  
  23  2:12  Probe  
  24  2:17  Stalker  
  24  2:19  Warp Gate  
  26  2:24  Probe (Chrono Boost)  
  27  2:34  Probe (Chrono Boost)  
  27  2:36  Stargate  
  28  2:40  Probe (Chrono Boost)  
  30  2:44  Probe (Chrono Boost)  
  30  2:47  Adept  
  30  2:48  Probe (Chrono Boost)  
  34  2:52  Probe (Chrono Boost)  
  34  2:53  Probe (Chrono Boost)  
  35  3:00  Assimilator  
  35  3:02  Probe (Chrono Boost), Assimilator  
  37  3:10  Probe (Chrono Boost)  
  37  3:11  Void Ray (Chrono Boost)  
  38  3:13  Probe (Chrono Boost)  
  38  3:18  Probe x2 (Chrono Boost)  
  44  3:29  Probe x2  
  46  3:47  Pylon  
  46  3:59  Void Ray  
  46  4:05  Nexus, Probe (Chrono Boost)  
  46  4:07  Pylon  
  52  4:10  Probe (Chrono Boost)  
  52  4:13  Pylon  
  52  4:16  Probe (Chrono Boost)  
  53  4:20  Probe (Chrono Boost)  
  54  4:25  Stargate  
  54  4:28  Probe x2 (Chrono Boost)  
  54  4:30  Pylon x2  
  56  4:33  Probe (Chrono Boost)  
  56  4:35  Probe  
  56  4:37  Shield Battery  
  58  4:39  Void Ray  
  58  4:44  Probe  
  63  4:47  Probe  
  64  4:56  Probe  
  65  5:02  Probe (Chrono Boost)  
  66  5:13  Probe (Chrono Boost)  
  68  5:14  Probe (Chrono Boost)  
  68  5:19  Shield Battery  
  68  5:20  Probe (Chrono Boost)  
  70  5:22  Void Ray, Probe (Chrono Boost)  
  70  5:26  Robotics Facility x2  
  74  5:29  Pylon  
  74  5:31  Gateway, Probe (Chrono Boost)  
  74  5:33  Gateway  
  77  5:36  Probe (Chrono Boost)  
  77  5:38  Probe (Chrono Boost)  
  77  5:42  Probe (Chrono Boost)  
  78  5:45  Probe x2 (Chrono Boost)  
  80  5:53  Probe (Chrono Boost)  
  80  5:55  Void Ray  
  80  5:56  Probe x2 (Chrono Boost)  
  83  5:57  Shield Battery  
  83  5:59  Void Ray  
  83  6:01  Assimilator  
  83  6:02  Probe x2 (Chrono Boost)  
  83  6:03  Probe (Chrono Boost)  
  90  6:05  Assimilator  
  90  6:09  Forge, Probe  
  95  6:12  Probe  
  95  6:14  Forge  
  95  6:17  Twilight Council  
  96  6:20  Observer x2  
  98  6:36  Pylon  
  98  6:38  Probe x2  
  98  6:39  Probe  
  101  6:46  Pylon  
  101  6:47  Pylon  
  101  6:48  Protoss Ground Weapons Level 1 (Chrono Boost)  
  101  6:49  Gateway  
  101  6:50  Probe  
  101  6:51  Observer x2  
  101  6:52  Gateway  
  104  6:55  Gateway  
  104  6:58  Charge, Void Ray  
  104  6:59  Void Ray, Robotics Bay  
  104  7:03  Probe  
  104  7:04  Probe x2  
  104  7:07  Protoss Shields Level 1 (Chrono Boost)  
  115  7:20  Immortal  
  115  7:22  Stalker x3  
  125  7:27  Gateway  
  125  7:29  Gateway  
  125  7:32  Gateway  
  125  7:34  Gateway  
  125  7:37  Photon Cannon  
  125  7:41  Photon Cannon  
  125  7:43  Probe x3  
  125  7:44  Pylon  
  128  7:52  Pylon x2  
  128  7:54  Pylon  
  128  7:55  Probe  
  128  7:57  Zealot x2  
  133  7:58  Colossus (Chrono Boost)  
  138  8:14  Nexus  
  138  8:17  Pylon  
  138  8:25  Extended Thermal Lance  
  144  8:29  Stalker x3  
  144  8:30  Colossus (Chrono Boost), Stalker x2  
  144  8:32  Sentry x3  
  154  8:50  Probe x3  
  157  8:57  Gateway  
  157  8:59  Gateway  
  157  9:01  Photon Cannon, Gateway  
  157  9:02  Probe x2  
  159  9:03  Photon Cannon, Zealot x2  
  159  9:06  Photon Cannon  
  163  9:11  Pylon  
  163  9:12  Pylon  
  138  9:31  Zealot x5  
  138  9:32  Zealot x3  
  144  9:47  Templar Archives  
  144  9:49  Pylon  
  144  9:51  Pylon  
  144  9:52  Assimilator  
  144  9:53  Assimilator  
  144  9:59  Gateway  
  144  10:00  Gateway  
  144  10:02  Gateway  
  144  10:06  Zealot x10  
  154  10:18  Void Ray x2  
  157  10:29  Shield Battery x2  
  157  10:31  Protoss Ground Weapons Level 2 (Chrono Boost)  
  157  10:32  Protoss Shields Level 2 (Chrono Boost)  
  157  10:37  Pylon x2  
  157  10:38  Observer x2  
  159  10:43  Sentry  
  159  10:44  Sentry  
  159  10:46  Probe x4  
  159  10:48  Psionic Storm  
  167  10:50  High Templar x8  
  183  10:58  Probe  
  183  11:01  Archon x2  
  184  11:18  High Templar  
  184  11:19  High Templar x2  
  184  11:20  High Templar  
  184  11:22  Zealot x4  
  166  11:47  Archon  
  166  11:48  Archon  
  166  11:51  Zealot x2  
  166  11:52  Zealot x8  
  166  12:24  High Templar x7  
  172  12:33  Pylon  
  172  12:34  Pylon  
  164  12:42  Colossus x2  
  174  12:48  Nexus  
  174  12:49  Archon x2  
  170  12:58  High Templar x3  
  176  12:59  Zealot x7  
  181  13:17  Nexus  
  181  13:21  Pylon  
  181  13:22  Pylon  
  181  13:24  Assimilator  
  181  13:25  Pylon  
  181  13:27  Assimilator  
  175  14:05  Zealot  
  175  14:06  Zealot x6  
  185  14:18  Shield Battery, Pylon  
  185  14:20  Shield Battery  
  177  14:33  Archon  
  177  14:34  Archon  
  177  14:37  Zealot x2  
  177  14:38  Zealot x8  
  183  14:47  Void Ray x2  
  185  15:00  Protoss Ground Weapons Level 3 (Chrono Boost)  
  185  15:03  Protoss Ground Armor Level 1 (Chrono Boost)  
  171  15:21  Photon Cannon  
  171  15:22  Photon Cannon  
  171  15:23  Photon Cannon x2  
  171  15:24  Shield Battery, Void Ray  
  171  15:25  Shield Battery  
  171  15:27  Cybernetics Core  
  171  15:32  Protoss Air Weapons Level 1 (Chrono Boost)  
  155  15:53  Nexus  
  155  15:55  Pylon  
  155  15:56  Pylon  
  155  15:58  Pylon  
  155  16:00  High Templar x7  
  155  16:01  Void Ray  
  158  16:11  Archon x2  
  151  16:25  Zealot x3  
  100  16:36  Zealot x6  
  100  16:37  Zealot  
  102  16:44  Void Ray  
  102  16:45  Void Ray  
  102  16:50  Nexus  
  102  16:52  Pylon  
  102  16:53  Pylon  
  110  16:55  Pylon, Probe x3  
  110  16:57  Stalker x7  
  127  17:07  Probe x2  
  127  17:08  Photon Cannon, Probe  
  130  17:10  Photon Cannon  
  130  17:11  Photon Cannon  
  130  17:12  Photon Cannon  
  130  17:14  Photon Cannon  
  130  17:15  High Templar x3  
  136  17:17  Shield Battery  
  136  17:22  Void Ray x2, Unknown  
  136  17:25  Unknown  
  130  17:49  High Templar x6  
  130  17:50  High Templar x2  
  128  17:51  Protoss Shields Level 3  
  128  17:55  Archon x2  
  118  17:59  Void Ray x2  
  122  18:12  Stargate  
  122  18:13  Stargate  
  122  18:15  Stargate  
  122  18:27  Nexus  
  122  18:30  Pylon  
  122  18:36  Void Ray x2  
  120  18:41  Archon  
  120  18:44  Probe x3  
  131  18:49  High Templar x2  
  131  18:54  High Templar  
  137  18:56  Archon  
  137  19:09  Unknown  
  137  19:12  Observer x2  
  137  19:13  High Templar, Void Ray x2  
  137  19:16  Probe x2  
  137  19:17  Probe  
  152  19:30  Protoss Air Armor Level 1 (Chrono Boost)  
  152  19:33  Void Ray  
  152  19:35  Nexus  
  156  19:47  Unknown  
  156  19:50  Void Ray x2  
  162  20:05  Fleet Beacon  
  162  20:11  Zealot x2  
  162  20:12  Zealot x8  
  182  20:27  Void Ray  
  146  20:49  Tempest x3  
  152  20:51  Carrier  
  151  21:10  Carrier  
  153  21:31  High Templar  
  153  21:32  Carrier  
  158  21:35  High Templar  
  155  22:01  High Templar  
Tags
 
Add a new tag
Caveats
  • Supply blocks, unpowered buildings, or Contaminate may cause inaccurate times.
  • Supply counts are checked every 10 seconds.